 Dungeon Crawl Stone Soup version 0.22.1-1-ga44c0e56f4 (webtiles) character file.

142410 Freyura the Bludgeoner (level 16, -3/146 HPs)
             Began as a Minotaur Fighter on Oct 13, 2018.
             Was the Champion of Qazlal.
             Slain by an emperor scorpion (13 damage)
             ... on level 2 of the Spider Nest.
             The game lasted 01:44:49 (22326 turns).

Freyura the Bludgeoner (Minotaur Fighter)          Turns: 22326, Time: 01:44:50

Health: -3/146     AC: 32    Str: 21    XL:     16   Next: 80%
Magic:  25/25      EV: 11    Int:  5    God:    Qazlal [******]
Gold:   2813       SH: 28    Dex: 15    Spells: 15/15 levels left

rFire    + . .     SeeInvis .   G - +6 eveningstar (crush)
rCold    + + +     Gourm    .   x - +0 large shield
rNeg     + + .     Faith    +   c - +2 plate armour {rPois}
rPois    +         Spirit   .   (helmet restricted)
rElec    +         Reflect  .   y - +2 cloak of the Nexus {rElec rC+++ rN+ Str-5}
rCorr    .         Harm     .   r - +2 pair of gloves {Str+3}
MR       +....                  i - +2 pair of boots {run}
Stlth    ..........             T - amulet of faith
HPRegen  0.34/turn              L - +3 ring of slaying
MPRegen  0.19/turn              m - ring of positive energy

@: protected from physical damage, repel missiles, quick
A: retaliatory headbutt, horns 2, fire resistance 1, mutation resistance 1, wild
magic 1
a: Upheaval, Elemental Force, Disaster Area, Renounce Religion


You were on level 2 of the Spider Nest.
You worshipped Qazlal.
Qazlal was exalted by your worship.
You were hungry.

You visited 6 branches of the dungeon, and saw 27 of its levels.
You also visited: Sewer.

You collected 2813 gold pieces.

Inventory:

Hand Weapons
 G - a +6 eveningstar of crushing (weapon)
Armour
 c - a +2 plate armour of poison resistance (worn)
 i - a +2 pair of boots of running (worn)
 r - a +2 pair of gloves of strength (worn)
 w - a +1 shield of poison resistance
 x - a +0 large shield (worn)
 y - the +2 cloak of the Nexus (worn) {rElec rC+++ rN+ Str-5}
   (You found it on level 9 of the Dungeon)

   It affects your strength (-5).
   It renders you almost immune to cold.
   It insulates you from electricity.
   It protects you from negative energy.
Jewellery
 m - a ring of positive energy (right hand)
 q - an uncursed ring of protection from fire
 K - a +3 ring of strength
 L - a +3 ring of slaying (left hand)
 R - an uncursed amulet of magic regeneration
 T - an amulet of faith (around neck)
Wands
 k - a wand of flame (58)
 p - a wand of random effects (19)
 D - a wand of polymorph (14)
 E - a wand of disintegration (14)
 H - a wand of iceblast (19)
 N - a wand of paralysis (24)
 O - a wand of enslavement (15)
 S - a wand of digging (6)
Scrolls
 a - 2 scrolls of magic mapping
 b - a scroll of silence
 e - 2 scrolls of fear
 n - a scroll of teleportation
 u - 8 scrolls of identify
 v - 5 scrolls of blinking
 z - 5 scrolls of enchant armour
 A - 2 scrolls of fog
 I - 3 scrolls of remove curse
Potions
 d - 13 potions of curing
 g - 3 potions of brilliance
 h - 7 potions of might
 j - 5 potions of heal wounds
 l - 5 potions of flight
 o - 2 potions of magic
 s - 3 potions of cancellation
 t - 3 potions of agility
 B - 2 potions of invisibility
 C - a potion of haste
 J - a potion of berserk rage
 Q - a potion of ambrosia
Comestibles
 f - 46 rations


   Skills:
 + Level 14.1 Fighting
 - Level 16.0 Maces & Flails
 + Level 14.0 Armour
 + Level 12.8 Dodging
 + Level 14.2 Shields
 + Level 14.6 Invocations


You had 15 spell levels left.
You didn't know any spells.
Your spell library was empty.

Dungeon Overview and Level Annotations

Branches:
Dungeon (15/15)            Temple (1/1) D:7            Lair (6/6) D:10
  Swamp (0/4) Lair:4       Spider (2/4) Lair:4        Slime (0/5) Lair:6
    Orc (2/2) D:9             Elf (0/3) Orc:2        Vaults (0/5) D:13
 Depths (1/5) D:15

Altars:
Cheibriados
Gozag
Hepliaklqana
Kikubaaqudgha
Makhleb
Nemelex Xobeh
Okawaru
Qazlal
Ru
Sif Muna
Trog
Vehumet
Wu Jian
Yredelemnul
Zin
The Shining One
Beogh

Shops:
D:6 !   Orc:1 *   Orc:2 (=*[   Depths:1 [

Portals:
Hell: Depths:1
Trove: D:13 (give horn of Geryon)

Annotations:
Lair:5 exclusion: 2 oklob plants


Innate Abilities, Weirdness & Mutations

You reflexively headbutt those who attack you in melee.
You have a pair of horns on your head.
Your flesh is heat resistant. (rF+)
You are somewhat resistant to further mutation.
Your spells are a little harder to cast, but a little more powerful.


Message History

Items here: $ ) [[ a trident of venom; a plate armour; a large shield; 30 gold pieces The emperor scorpion stings you but does no damage.
The emperor scorpion claws you!
* * * LOW HITPOINT WARNING * * *
You block the emperor scorpion's attack.
Unknown command.
You closely miss the emperor scorpion.
The emperor scorpion is heavily wounded.
You block the emperor scorpion's attack. x3
You hit the emperor scorpion.
The emperor scorpion is heavily wounded.
You block the emperor scorpion's attack. x2
The emperor scorpion closely misses you.
The moth of wrath closely misses you.
You barely miss the emperor scorpion.
The emperor scorpion is heavily wounded.
You block the emperor scorpion's attack. x2
The emperor scorpion claws you!
You die...

##.... #..... ##..##
########..# #†......### ##
###########†##.##^.#
.##..##..#..#.##...#####.#
..........§§..(...## #..#
##...§.)s@§.##...# #..#
#.##..†y##.##..## ##.#
#.##.##.....# #.#
...##...............#
..............#####..##
................# #
..#..##.#####..## ##### ##
####


You could see an emperor scorpion (berserk) and a moth of wrath.

Vanquished Creatures
  Saint Roka (Orc:2)
  An orc warlord (Orc:2)
  Louise (Spider:2)
  2 stone giants (Depths:1)
  A vampire knight (Depths:1)
  6 dire elephants (Lair:6)
  An ettin (D:15)
  A merfolk javelineer (Depths:1)
  The ghost of Satanymous the Grappler, a journeyman DrTm of Sif Muna (D:13)
  A yaktaur captain (Depths:1)
  Erolcha (Orc:2)
  A rakshasa (D:13)
  A vault guard (D:13)
  3 ice dragons (Depths:1)
  14 hydras
  An anaconda (Lair:6)
  A catoblepas (Lair:6)
  The ghost of Lucifer the Summoner, a journeyman DsSu of Okawaru (D:13)
  13 two-headed ogres
  3 centaur warriors
  4 ogre magi
  The ghost of Morbidden the Zephyrmancer, a journeyman TeAE of Okawaru (D:11)
  Erica (D:11)
  The ghost of izoki the Unseen, a journeyman SpAr of Gozag (D:13)
  A tengu warrior (Depths:1)
  6 death yaks (Lair:6)
  3 orc high priests (Orc:2)
  Urug (D:10)
  A hell knight (D:15)
  Sonja (D:10)
  Nergalle (D:10)
  A skeletal warrior (D:10)
  A fire crab (D:8)
  4 unseen horrors
  A deep elf archer (D:15)
  3 orc knights (Orc:2)
  5 orb spiders
  9 wolf spiders
  4 deep elf magi
  2 wolf spider zombies
  2 cyclopes
  A moth of wrath (Spider:1)
  4 orc sorcerers
  24 ugly things
  8 elephants
  Joseph (D:9)
  2 manticores
  A centaur zombie (D:11)
  2 black mambas (Lair:6)
  6 spiny frogs
  A spiny frog (shapeshifter) (D:13)
  6 centaur skeletons
  2 gargoyles
  A rime drake (Lair:5)
  Psyche (D:8)
  8 yaktaurs
  7 komodo dragons
  6 demonic crawlers
  2 guardian mummies (D:13)
  2 efreet
  A redback zombie (D:13)
  3 tengu conjurers (Depths:1)
  16 trolls
  A hornet (D:11)
  A meliai (D:13)
  2 polar bears
  7 jumping spiders
  6 slime creatures (D:14)
  9 blink frogs
  9 hippogriffs
  2 dream sheep (D:8)
  A bog body (Lair:4)
  2 water elementals (D:15)
  A centaur simulacrum (D:14)
  2 meliai zombies
  4 wraiths
  2 shadows (D:15)
  5 wyverns
  21 redbacks
  42 yaks
  A steam dragon (Lair:4)
  7 tarantellas
  3 basilisks
  3 hungry ghosts
  5 vampire mosquitoes
  Grum (D:11)
  2 swamp worms (Lair:4)
  2 wargs (Orc:2)
  2 acid dragons
  Purgy (Sewer)
  11 porcupines
  14 water moccasins
  Duvessa (D:4)
  43 orc warriors
  5 sky beasts
  4 necrophages
  An eye of draining (D:13)
  A hornet zombie (D:10)
  A black bear (D:8)
  2 ice beasts
  3 phantoms
  13 wolves
  25 ogres
  6 crocodiles
  12 centaurs
  21 bullfrogs
  8 big kobolds
  Dowan (D:4)
  2 wyvern skeletons
  6 scorpions
  5 killer bees
  21 wights
  3 howler monkeys
  2 electric eels (Lair:4)
  8 crimson imps
  A bullfrog zombie (D:6)
  4 jellies
  2 quasits (D:9)
  7 hounds
  20 orc priests
  A bullfrog skeleton (D:5)
  16 worker ants
  2 iguanas
  18 orc wizards
  A hound zombie (D:7)
  2 hound skeletons
  A howler monkey zombie (D:6)
  10 gnolls
  13 adders
  8 shadow imps
  An adder skeleton (D:8)
  An adder zombie (D:3)
  9 worms
  A dart slug (D:1)
  5 leopard geckos
  107 orcs
  A ball python (D:3)
  8 giant cockroaches
  4 hobgoblins
  14 jackals
  36 kobolds
  5 quokkas
  12 bats
  2 frilled lizards (D:1)
  8 goblins
  A jackal skeleton (D:4)
  A leopard gecko skeleton (D:7)
  A leopard gecko zombie (D:9)
  6 rats
  A bush (D:2)
  2 fungi
  3 plants
911 creatures vanquished.

Vanquished Creatures (others)
  An ogre mage (Depths:1)
  A basilisk (D:13)
  An ogre (D:15)
  3 fungi
  14 plants
  3 withered plants (D:13)
23 creatures vanquished.

Grand Total: 934 creatures vanquished

Notes
Turn   | Place    | Note
-------+----------+-------------------------------------------
     0 | D:1      | Freyura the Minotaur Fighter began the quest for the Orb.
     0 | D:1      | Reached XP level 1. HP: 19/19 MP: 0/0
   118 | D:1      | Reached XP level 2. HP: 22/27 MP: 1/1
   201 | D:1      | Identified a +2 pair of boots of running (You found it on
                  | level 1 of the Dungeon)
   337 | D:1      | Reached skill level 3 in Maces & Flails
   720 | D:2      | Reached skill level 1 in Dodging
   720 | D:2      | Reached XP level 3. HP: 29/33 MP: 2/2
   952 | D:2      | Reached XP level 4. HP: 39/40 MP: 3/3
  1169 | D:2      | Found a burning altar of Makhleb.
  1179 | D:2      | Reached skill level 4 in Maces & Flails
  1519 | D:3      | Reached XP level 5. HP: 45/46 MP: 4/4
  2399 | D:4      | Reached XP level 6. HP: 53/53 MP: 5/5
  2420 | D:4      | Reached skill level 5 in Maces & Flails
  2532 | D:4      | Noticed Duvessa
  2532 | D:4      | Noticed Dowan
  2536 | D:4      | Killed Duvessa
  2536 | D:4      | Reached skill level 5 in Fighting
  2539 | D:4      | Reached skill level 5 in Shields
  2543 | D:4      | Killed Dowan
  2543 | D:4      | Reached skill level 5 in Armour
  2543 | D:4      | Reached XP level 7. HP: 59/61 MP: 6/6
  2652 | D:4      | Reached skill level 6 in Maces & Flails
  2719 | D:4      | Found a glowing drain.
  2731 | Sewer    | Entered a sewer
  2762 | Sewer    | Noticed Purgy
  2780 | Sewer    | Killed Purgy
  3014 | D:5      | Entered Level 5 of the Dungeon
  3169 | D:5      | Found a bloodstained altar of Trog.
  3219 | D:5      | Reached XP level 8. HP: 70/70 MP: 7/7
  3261 | D:5      | Reached skill level 7 in Maces & Flails
  3791 | D:6      | Found Orasap's Distillery.
  3840 | D:6      | Found a deep blue altar of Sif Muna.
  3957 | D:6      | Noticed a troll
  3981 | D:6      | Killed a troll
  3981 | D:6      | Reached skill level 8 in Maces & Flails
  4212 | D:6      | Found a sparkling altar of Nemelex Xobeh.
  4334 | D:7      | Reached skill level 5 in Dodging
  4334 | D:7      | Reached XP level 9. HP: 74/78 MP: 8/8
  4386 | D:7      | Found a staircase to the Ecumenical Temple.
  4406 | Temple   | Entered the Ecumenical Temple
  4465 | Temple   | Became a worshipper of Qazlal Stormbringer
  4631 | D:7      | Reached skill level 9 in Maces & Flails
  4704 | D:7      | You fall through a shaft for 2 floors!
  4716 | D:9      | Reached skill level 1 in Invocations
  4738 | D:9      | Got a scorched cloak
  4749 | D:9      | Identified the +2 cloak of the Nexus {rElec rC+++ rN+
                  | Str-5} (You found it on level 9 of the Dungeon)
  4803 | D:9      | Noticed a gargoyle
  4818 | D:9      | Killed a gargoyle
  5217 | D:8      | Noticed a two-headed ogre
  5229 | D:8      | Killed a two-headed ogre
  5312 | D:8      | Reached * piety under Qazlal
  5312 | D:8      | Reached XP level 10. HP: 57/88 MP: 6/11
  5315 | D:8      | Reached skill level 10 in Maces & Flails
  5749 | D:8      | Noticed Psyche
  5768 | D:8      | Killed Psyche
  5824 | D:8      | Found a runed door.
  6054 | D:8      | Noticed a three-headed hydra
  6073 | D:8      | Killed a three-headed hydra
  6089 | D:8      | Reached skill level 5 in Invocations
  6093 | D:8      | Reached ** piety under Qazlal
  6384 | D:8      | Noticed a gargoyle
  6384 | D:8      | Noticed a fire crab
  6406 | D:8      | Killed a fire crab
  6406 | D:8      | Reached skill level 11 in Maces & Flails
  6425 | D:8      | Killed a gargoyle
  7519 | D:9      | Reached XP level 11. HP: 87/95 MP: 12/14
  7541 | D:9      | Noticed Joseph
  7546 | D:9      | Killed Joseph
  7558 | D:9      | Found a sparkling altar of Nemelex Xobeh.
  7647 | D:9      | Reached *** piety under Qazlal
  7992 | D:9      | Found a roughly hewn altar of Beogh.
  8014 | D:9      | Found a staircase to the Orcish Mines.
  8051 | D:9      | Found an iron altar of Okawaru.
  8092 | D:9      | Found a burning altar of Makhleb.
  8296 | D:10     | Entered Level 10 of the Dungeon
  8305 | D:10     | Reached **** piety under Qazlal
  8462 | D:10     | Noticed Urug
  8478 | D:10     | Killed Urug
  8497 | D:10     | Noticed Sonja
  8509 | D:10     | Killed Sonja
  8510 | D:10     | Noticed a two-headed ogre
  8512 | D:10     | Noticed a skeletal warrior
  8515 | D:10     | Killed a two-headed ogre
  8515 | D:10     | Reached skill level 12 in Maces & Flails
  8520 | D:10     | Killed a skeletal warrior
  8547 | D:10     | Killed an unseen horror
  8564 | D:10     | Noticed Nergalle
  8577 | D:10     | Killed Nergalle
  8632 | D:10     | Noticed a two-headed ogre
  8640 | D:10     | Killed a two-headed ogre
  8770 | D:10     | Found a staircase to the Lair.
  8951 | D:10     | Noticed a seven-headed hydra
  8961 | D:10     | Noticed an ogre mage
  8962 | D:10     | Killed a seven-headed hydra
  8962 | D:10     | Reached XP level 12. HP: 73/105 MP: 10/16
  8983 | D:10     | Killed an ogre mage
  9693 | D:11     | Noticed Grum
  9696 | D:11     | Noticed a four-headed hydra
  9706 | D:11     | Killed a four-headed hydra
  9718 | D:11     | Killed Grum
  9768 | D:11     | Found a runed door.
  9769 | D:11     | Noticed Morbidden's ghost (journeyman TeAE)
  9775 | D:11     | Found a labyrinth entrance.
  9778 | D:11     | Noticed Erica
  9784 | D:11     | Killed Erica
  9784 | D:11     | Reached skill level 13 in Maces & Flails
  9784 | D:11     | Reached skill level 10 in Shields
  9809 | D:11     | Reached skill level 10 in Fighting
 10152 | D:11     | Reached ***** piety under Qazlal
 10340 | D:12     | Noticed a seven-headed hydra
 10346 | D:12     | Killed a seven-headed hydra
 10387 | D:12     | Reached skill level 10 in Armour
 10420 | D:12     | Noticed a two-headed ogre
 10432 | D:12     | Killed a two-headed ogre
 10843 | D:12     | Identified a scroll of acquirement
 10935 | Lair:1   | Entered Level 1 of the Lair of Beasts
 11002 | Lair:1   | Noticed an eight-headed hydra
 11010 | Lair:1   | Killed an eight-headed hydra
 11099 | Lair:1   | Reached XP level 13. HP: 73/114 MP: 19/19
 11839 | Lair:1   | Gained mutation: Your flesh is heat resistant. (rF+)
                  | [potion of mutation]
 11839 | Lair:1   | Gained mutation: You are somewhat resistant to further
                  | mutation. [potion of mutation]
 11839 | Lair:1   | Gained mutation: Your spells are a little harder to cast,
                  | but a little more powerful. [potion of mutation]
 11970 | Lair:2   | Reached skill level 14 in Maces & Flails
 12459 | Lair:3   | Reached skill level 10 in Invocations
 13496 | Lair:4   | Found a hole to the Spider Nest.
 13842 | Lair:4   | Found a staircase to the Swamp.
 14534 | Lair:6   | Entered Level 6 of the Lair of Beasts
 14534 | Lair:6   | Found a glowing golden altar of the Shining One.
 14562 | Lair:6   | Reached skill level 10 in Dodging
 14562 | Lair:6   | Reached XP level 14. HP: 117/124 MP: 21/21
 14564 | Lair:6   | Reached ****** piety under Qazlal
 14568 | Lair:6   | Reached skill level 15 in Maces & Flails
 15089 | Lair:6   | Found a staircase to the Slime Pits.
 16314 | Orc:1    | Entered Level 1 of the Orcish Mines
 16411 | Orc:1    | Found a roughly hewn altar of Beogh.
 16535 | Orc:2    | Entered Level 2 of the Orcish Mines
 16535 | Orc:2    | Noticed Erolcha
 16544 | Orc:2    | Killed Erolcha
 16558 | Orc:2    | Noticed Saint Roka
 16566 | Orc:2    | Noticed an orc warlord
 16570 | Orc:2    | Killed Saint Roka
 16576 | Orc:2    | Killed an orc warlord
 16577 | Orc:2    | Reached skill level 16 in Maces & Flails
 16693 | Orc:2    | Found Der Vud's General Store.
 16699 | Orc:2    | Reached XP level 15. HP: 133/133 MP: 23/23
 16741 | Orc:2    | Paralysed by an orc sorcerer for 7 turns
 16833 | Orc:2    | Found Caoxzy Waxos's Book Emporium.
 16868 | Orc:2    | Found Rabuttepp's Antique Weapon Shoppe.
 16958 | Orc:2    | Found a staircase to the Elven Halls.
 17039 | Orc:2    | Found Anasih's Jewellery Boutique.
 17083 | Orc:2    | Found Zufruon's Antique Armour Shop.
 17269 | Orc:1    | Paralysed by an orc sorcerer for 7 turns
 17343 | Orc:1    | Found Leseh's Luxury Loot.
 18040 | D:13     | Found a runed gate.
 18040 | D:13     | Found a runed gate.
 18087 | D:13     | Found a runed gate.
 18091 | D:13     | Noticed izoki's ghost (journeyman SpAr)
 18091 | D:13     | Noticed Lucifer's ghost (journeyman DsSu)
 18240 | D:13     | Found a gate to the Vaults.
 18336 | D:13     | Noticed Satanymous's ghost (journeyman DrTm)
 18435 | D:13     | Found a portal to a secret trove of treasure.
 18737 | D:11     | Killed Morbidden's ghost
 18821 | D:13     | Killed izoki's ghost
 18849 | D:13     | Killed Satanymous's ghost
 18854 | D:13     | Killed Lucifer's ghost
 19453 | D:15     | Entered Level 15 of the Dungeon
 19540 | D:15     | Found a staircase to the Depths.
 19685 | D:15     | Reached XP level 16. HP: 144/144 MP: 25/25
 20248 | Depths:1 | Entered Level 1 of the Depths
 20656 | Depths:1 | Paralysed by an ogre mage for 6 turns
 20991 | Depths:1 | Found Ecaet's Antique Armour Shop.
 21156 | Depths:1 | Found a gateway to Hell.
 21579 | Spider:1 | Entered Level 1 of the Spider Nest
 22287 | Spider:2 | Noticed Louise
 22308 | Spider:2 | Killed Louise
 22326 | Spider:2 | Slain by an emperor scorpion

Skill      XL: |  1  2  3  4  5  6  7  8  9 10 11 12 13 14 15 16 |
---------------+-------------------------------------------------+-----
Maces & Flails | 3 4 5 6 8 9 11 12 13 14 16 | 16.0
Dodging        | 1 2 3 5 6 7 8 9 10 11 12 | 12.8
Fighting       | 4 5 6 7 8 9 10 11 12 13 14 | 14.1
Armour         | 4 5 6 7 8 9 10 11 12 13 14 | 14.0
Shields        | 4 5 6 7 8 9 10 11 12 13 14 | 14.2
Invocations    | 3 5 7 9 10 12 13 14 | 14.6

Action                   |  1- 3 |  4- 6 |  7- 9 | 10-12 | 13-15 | 16-18 || total
-------------------------+-------+-------+-------+-------+-------+-------++-------
Melee: Flail             |    81 |   180 |   336 |   227 |       |       ||   824
       Headbutt          |    11 |    46 |    54 |   141 |   269 |    99 ||   620
       Eveningstar       |       |       |       |   503 |  1052 |   365 ||  1920
Invok: Disaster Area     |       |       |       |       |     8 |     1 ||     9
  Use: Scroll            |     4 |     5 |     4 |    19 |     5 |     5 ||    42
       Potion            |       |     1 |     2 |       |     2 |     1 ||     6
 Stab: Petrifying        |       |       |       |       |     1 |       ||     1
  Eat: Ration            |       |     2 |     6 |     6 |     7 |     2 ||    23
Armor: Scale mail        |    35 |    79 |   124 |       |       |       ||   238
       Chain mail        |       |       |    31 |    14 |       |       ||    45
       Plate armour      |       |       |       |   262 |   315 |   105 ||   682
Dodge: Dodged            |    25 |    44 |   141 |   146 |   223 |    76 ||   655
       Deflected         |       |       |       |     6 |     6 |     5 ||    17
Block: Shield            |    50 |    95 |   224 |   551 |   861 |   127 ||  1908
       Large shield      |       |       |       |       |       |   196 ||   196
